 Dungeon Crawl Stone Soup version 0.31-a0-196-g86fe4a5e66 (webtiles) character file.

Game seed: 6328489933777456767

217 qw the Skirmisher (level 5, -2/30 HPs)
             Began as a Deep Elf Hunter on June 24, 2023.
             Slain by Blork the orc
             ... wielding a +0 vampiric scimitar
              (7 damage)
             ... on level 4 of the Dungeon.
             The game lasted 00:00:56 (2546 turns).

qw the Skirmisher (Deep Elf Hunter)                 Turns: 2546, Time: 00:00:56

Health: -2/30      AC:  7    Str: 10    XL:     5   Next: 61%
Magic:  7/7        EV: 11    Int: 14    God:
Gold:   217        SH:  0    Dex: 18    Spells: 4/4 levels left

rFire   . . .        Y - +1 shortbow
rCold   . . .        (shield currently unavailable)
rNeg    . . .        k - +0 ring mail
rPois   .            c - +1 helmet
rElec   .            (no cloak)
rCorr   .            (no gloves)
SInv    .            (no boots)
Will    +....        (no amulet)
Stlth   +            h - ring of willpower
HPRegen 0.25/turn    (no ring)
MPRegen 0.10/turn

%: no passive effects
@: about to teleport
A: no striking features
a: no special abilities


You were on level 4 of the Dungeon.
You visited 1 branch of the dungeon, and saw 4 of its levels.

You collected 217 gold pieces.


   Skills:
 - Level 2.2 Fighting
 - Level 14.9 Ranged Weapons
 + Level 0.2 Armour
 - Level 3.0 Dodging
 - Level 1.2 Stealth


You had 4 spell levels left.
You didn't know any spells.
Your spell library was empty.

Inventory:

Hand Weapons
 Y - a +1 shortbow (weapon)
Armour
 c - a +1 helmet (worn)
 k - a +0 ring mail (worn)
Jewellery
 h - a ring of willpower (left hand)
Scrolls
 a - a scroll of identify
Potions
 d - a potion of enlightenment
 j - a potion of heal wounds

Dungeon Overview and Level Annotations

Branches:
Dungeon (4/15)
 Temple: D:4-7

Altars:

Shops:
D:1 =

Annotations:
D:4 Blork the orc


Message History

There is an open door here.
A giant cockroach comes into view.
You shoot an arrow. The arrow hits the giant cockroach.
You kill the giant cockroach!
You hear a shout!
Blork the orc comes into view.
He is wielding a +0 vampiric scimitar.
Blork the orc shouts!
You shoot an arrow. The arrow hits Blork the orc.
Blork the orc is lightly wounded.
Blork the orc hits you with a +0 vampiric scimitar!
You shoot an arrow. The arrow hits Blork the orc!
Blork the orc is moderately wounded.
Blork the orc looks satisfied for a moment.
You shoot an arrow. The arrow barely misses Blork the orc.
Blork the orc hits you with a +0 vampiric scimitar!
Blork the orc draws strength from your wounds!
You shoot an arrow.
The arrow hits Blork the orc but does no damage.
Blork the orc is lightly wounded.
Blork the orc closely misses you.
You shoot an arrow. The arrow hits Blork the orc.
Blork the orc is moderately wounded.
Blork the orc misses you.
You shoot an arrow. The arrow closely misses Blork the orc.
Blork the orc barely misses you.
You shoot an arrow. The arrow hits Blork the orc!
Blork the orc is heavily wounded.
Blork the orc mumbles some strange words.
Blork the orc seems to speed up.
You shoot an arrow. The arrow closely misses Blork the orc.
Blork the orc hits you but does no damage.
You shoot an arrow. The arrow hits Blork the orc!
Blork the orc is almost dead.
Blork the orc hits you with a +0 vampiric scimitar.
Blork the orc draws strength from your wounds!
2546 ||| READING scroll of teleportation.
As you read the scroll of teleportation, it crumbles to dust.
You feel strangely unstable.
Blork the orc hits you with a +0 vampiric scimitar!
You die...

.# .# # .. .#
### .# ... ...
.# .... #.#
.#.....
#.####....#
##.#..@....#
###....##o......
#....#.# .#.####
#.##.#....# %.
####'##.######
## ##.....#.#
#.<....+.#
#......##.
#......# .


You could see Blork the orc (fast).

Vanquished Creatures
  An orc priest (D:3)
  Robin (D:3)
  4 adders (D:3)
  A dart slug (D:2)
  4 orcs (D:3)
  6 ball pythons
  5 bats
  9 endoplasms
  6 giant cockroaches
  11 goblins
  10 hobgoblins
  A quokka (D:1)
  2 frilled lizards (D:1)
  4 kobolds
  7 rats
72 creatures vanquished.

Notes
Turn   | Place    | Note
-------+----------+-------------------------------------------
     0 | D:1      | qw the Deep Elf Hunter began the quest for the Orb.
     0 | D:1      | Reached XP level 1. HP: 12/12 MP: 3/3
     0 | D:1      | 0 ||| qw: Version: 0.3-a-9-g12657ce
     0 | D:1      | 0 ||| qw: Game counter: 4806
     0 | D:1      | 0 ||| qw: Always use a shield: true
     0 | D:1      | 0 ||| qw: God list: Okawaru
     0 | D:1      | 0 ||| qw: Allow faded altars: false
     0 | D:1      | 0 ||| qw: Do Orc after D:15 true
     0 | D:1      | 0 ||| qw: Do second Lair branch before Depths: true
     0 | D:1      | 0 ||| qw: Lair rune preference: random
     0 | D:1      | 0 ||| qw: Plans: Normal
     0 | D:1      | 0 ||| PLANNING D:1-11
    24 | D:1      | Found a faded altar of an unknown god.
    77 | D:1      | Found Itrarph's Jewellery Shoppe.
    84 | D:1      | 84 ||| SHOPLISTING amulet of Elemental Vulnerability {rPois
                  | rF-- rC-- AC+8} (421 gold, have 0).
    84 | D:1      | 84 ||| SHOPLISTING ring "Eclosael" {rF+ Str+4 Slay-2} (352
                  | gold, have 0).
    84 | D:1      | 84 ||| SHOPLISTING ring of protection from cold (275 gold,
                  | have 0).
    84 | D:1      | 84 ||| SHOPLISTING ring of protection from fire (275 gold,
                  | have 0).
    84 | D:1      | 84 ||| SHOPLISTING ring of resist corrosion (220 gold, have
                  | 0).
    84 | D:1      | 84 ||| SHOPLISTING ring of willpower (275 gold, have 0).
   166 | D:1      | Reached XP level 2. HP: 16/16 MP: 4/4
   195 | D:1      | Reached skill level 6 in Ranged Weapons
   494 | D:1      | Reached XP level 3. HP: 20/20 MP: 5/5
   747 | D:1      | 747 ||| UPGRADING to +0 ring mail.
   757 | D:1      | 757 ||| DROPPING +0 leather armour.
   758 | D:1      | 758 ||| READING 2 scrolls labelled HEUCRI JOHA.
   759 | D:1      | 759 ||| READING scroll labelled DIEPPO INELIRPH.
   764 | D:1      | 764 ||| READING scroll labelled PYCEOTS TUNNUSM.
   765 | D:1      | 765 ||| DRINKING 2 dark potions.
   766 | D:1      | 766 ||| DRINKING 2 ruby potions.
   767 | D:1      | 767 ||| DROPPING scroll of butterflies.
   768 | D:1      | 768 ||| DROPPING potion of brilliance.
   827 | D:2      | 827 ||| FLEEEEING.
   828 | D:2      | 828 ||| FLEEEEING.
  1219 | D:2      | Reached skill level 7 in Ranged Weapons
  1476 | D:2      | 1476 ||| READING 2 scrolls labelled PUEPNYADA.
  1477 | D:2      | 1477 ||| READING scroll labelled RUOMMU SYZAI.
  1478 | D:2      | 1478 ||| READING 2 scrolls of identify.
  1478 | D:2      | 1478 ||| IDENTIFYING sapphire potion
  1479 | D:2      | 1479 ||| DRINKING potion of experience.
  1479 | D:2      | Reached skill level 14 in Ranged Weapons
  1479 | D:2      | Reached XP level 4. HP: 25/25 MP: 6/6
  1480 | D:2      | 1480 ||| DROPPING scroll of revelation.
  1559 | D:3      | Noticed Robin
  1569 | D:3      | Killed Robin
  1670 | D:3      | Reached XP level 5. HP: 30/30 MP: 7/7
  1834 | D:3      | Identified the +7 war axe of Nice Resourcefulness {protect,
                  | rF- Int+4 Dex+7 Stlth+}
  2143 | D:3      | Reached skill level 3 in Dodging
  2465 | D:3      | 2465 ||| UPGRADING to +1 helmet.
  2470 | D:3      | 2470 ||| DROPPING amulet of magic regeneration.
  2471 | D:3      | 2471 ||| UPGRADING to ring of willpower.
  2472 | D:3      | 2472 ||| READING scroll labelled FYSORREG WOKOFF.
  2473 | D:3      | 2473 ||| DRINKING 2 fuming dark potions.
  2474 | D:3      | 2474 ||| DRINKING 2 amethyst potions.
  2475 | D:3      | 2475 ||| READING 2 scrolls of identify.
  2475 | D:3      | 2475 ||| IDENTIFYING smoky emerald potion
  2476 | D:3      | 2476 ||| DROPPING potion of lignification.
  2477 | D:3      | 2477 ||| DROPPING potion of invisibility.
  2536 | D:4      | Noticed Blork the orc
  2545 | D:4      | HP: 5/30 [Blork the orc/+0 vampiric scimitar (5)]
  2546 | D:4      | 2546 ||| READING scroll of teleportation.
  2546 | D:4      | Slain by Blork the orc

Levels and vault maps discovered:
D:1:      onia_arrival_handbag, layout_loops_ring, serial_shops,
          nicolae_shop_gaudy_bauble, hellmonk_ecumenical_altar_slurped_away
D:2:      layout_basic
D:3:      layout_basic, uniq_robin
D:4:      layout_basic, uniq_edmund, uniq_blork_the_orc, uniq_menkaure,
          uniq_duvessa

Skill      XL: |  1  2  3  4  5 |
---------------+----------------+-----
Ranged Weapons | 6 14 | 14.9
Fighting       | 2 |  2.2
Dodging        | 3 |  3.0
Armour         | |  0.2
Stealth        | |  1.2

Action                     |  1- 3 |  4- 6 || total
---------------------------+-------+-------++-------
   Fire: Shortbow          |   102 |    81 ||   183
    Use: Scroll            |     6 |     3 ||     9
         Potion            |     3 |     2 ||     5
 Armour: Leather armour    |     5 |       ||     5
         Ring mail         |     2 |     3 ||     5
  Dodge: Dodged            |    16 |     8 ||    24

Table legend:
 A = Non-vault XP
 B = Vault XP
 C = Vault XP percentage of total XP
 D = Non-vault monster count
 E = Vault monster count
 F = Vault count percentage of total count
                 A         B        C        D         E       F
            +---------+---------+-------+---------+---------+-------
      Total |     186 |      47 |  20.2 |      55 |      17 |  23.6
            +---------+---------+-------+---------+---------+-------
        D:1 |      38 |      10 |  20.8 |      22 |       5 |  18.5
        D:2 |      21 |       0 |   0.0 |      12 |       0 |   0.0
        D:3 |     125 |      37 |  22.8 |      20 |      12 |  37.5
        D:4 |       2 |       0 |   0.0 |       1 |       0 |   0.0
            +---------+---------+-------+---------+---------+-------
